[Event "69th RUS-ch Women Higher League 2019"]
[Site "Yaroslavl"]
[Date "2019.07.05"]
[Round "8.10"]
[White "Borisova, Ekaterina"]
[Black "Dordzhieva, Dinara"]
[Result "1-0"]
[ECO "B40"]
[WhiteElo "2267"]
[BlackElo "2306"]
[Annotator "NA"]
[PlyCount "89"]
[EventDate "2019.06.27"]
[EventType "swiss"]
[EventCountry "RUS"]
[SourceTitle "playchess.com"]
[Source "ChessBase"]
[SourceQuality "1"]
[TimeControl "40/5400+30:1800+30"]

1. e4 c5 2. Nf3 e6 3. d4 cxd4 4. Nxd4 Nf6 5. Bd3 Nc6 6. Nxc6 bxc6 7. O-O d5 8. c4 Be7 9. Nc3 O-O 10. Qc2 d4 11. Na4 e5 12. c5 Be6 13. b4 Rb8 14. a3 Nh5 15. Be2 g6 16. Bxh5 gxh5 17. Bh6 Re8 18. Qe2 h4 19. Qh5 Bf6 20. f4 d3 21. f5 Bb3 22. Nb2 Qd4+ 23. Kh1 Qxb2 24. Bg5 Bg7 25. f6 Bf8 26. Qxh4 Qd4 27. Bd2 Kh8 28. Rae1 Be6 29. Re3 Qb2 30. Bc1 Qc2 31. Rg3 d2 32. Qg5 Bh6 33. Qxh6 Rg8 34. Bxd2 Qxe4 35. Re1 Qf5 36. Rg5 Qd3 37. Rg7 Bd5 38. Qg5 Rbd8 39. Bc1 Qc2 40. h3 Be4 41. Kh2 Rde8 42. h4 a6 43. h5 Bf5 44. Rxe5 Be6 45. Rxe6 1-0

[Event "69th RUS-ch Women Higher League 2019"]
[Site "Yaroslavl"]
[Date "2019.07.05"]
[Round "8.11"]
[White "Ambartsumova, Karina"]
[Black "Protopopova, Anastasiya"]
[Result "1-0"]
[ECO "A06"]
[WhiteElo "2359"]
[BlackElo "2272"]
[Annotator "NA"]
[PlyCount "43"]
[EventDate "2019.06.27"]
[EventType "swiss"]
[EventCountry "RUS"]
[SourceTitle "playchess.com"]
[Source "ChessBase"]
[SourceQuality "1"]
[TimeControl "40/5400+30:1800+30"]

1. Nf3 d5 2. e3 c5 3. d4 cxd4 4. exd4 g6 5. Bd3 Bg7 6. O-O Nc6 7. c3 Nf6 8. Re1 O-O 9. Nbd2 Nd7 10. Nb3 e5 11. dxe5 Ndxe5 12. Nxe5 Bxe5 13. Bf1 Qd6 14. g3 Rd8 15. Bg5 Bf6 16. Be3 Bf5 17. Bg2 d4 18. cxd4 Nxd4 19. Nxd4 Bxd4 20. Bxd4 Qa6 21. Qb3 Rxd4 22. Bxb7 1-0

[Event "69th RUS-ch Women Higher League 2019"]
[Site "Yaroslavl"]
[Date "2019.07.05"]
[Round "8.12"]
[White "Guseva, Marina"]
[Black "Nosacheva, Mariya"]
[Result "0-1"]
[ECO "E63"]
[WhiteElo "2379"]
[BlackElo "2150"]
[Annotator "NA"]
[PlyCount "69"]
[EventDate "2019.06.27"]
[EventType "swiss"]
[EventCountry "RUS"]
[SourceTitle "playchess.com"]
[Source "ChessBase"]
[SourceQuality "1"]
[TimeControl "40/5400+30:1800+30"]

1. d4 Nf6 2. c4 g6 3. Nf3 Bg7 4. g3 O-O 5. Bg2 d6 6. O-O Nc6 7. Nc3 a6 8. e3 Rb8 9. Qe2 b5 10. Rd1 e6 11. b3 Bb7 12. Bb2 Ne7 13. Ne1 Bxg2 14. Nxg2 c6 15. e4 d5 16. e5 Nd7 17. cxd5 cxd5 18. Ne3 Qb6 19. Qg4 f6 20. Ba3 Rbe8 21. Ncxd5 Nxd5 22. Nxd5 exd5 23. Qxd7 Rd8 24. Qg4 b4 25. exf6 Qxf6 26. Bxb4 Qxf2+ 27. Kh1 Rf5 28. Rd2 Qe3 29. Rad1 Re8 30. Bc5 Bh6 31. Rg2 Re4 32. Qh3 Qf3 33. Rdg1 Bg5 34. b4 Be3 35. a3 0-1

[Event "69th RUS-ch Women Higher League 2019"]
[Site "Yaroslavl"]
[Date "2019.07.05"]
[Round "8.13"]
[White "Khokhlova, Daria"]
[Black "Maletina, Tatiana"]
[Result "1/2-1/2"]
[ECO "C05"]
[WhiteElo "2234"]
[BlackElo "2273"]
[Annotator "NA"]
[PlyCount "81"]
[EventDate "2019.06.27"]
[EventType "swiss"]
[EventCountry "RUS"]
[SourceTitle "playchess.com"]
[Source "ChessBase"]
[SourceQuality "1"]
[TimeControl "40/5400+30:1800+30"]

1. e4 e6 2. d4 d5 3. Nd2 Nf6 4. Bd3 c5 5. dxc5 dxe4 6. Nxe4 Nxe4 7. Bxe4 Qxd1+ 8. Kxd1 Bxc5 9. Ke2 Nc6 10. Be3 Bxe3 11. Bxc6+ bxc6 12. Kxe3 Rb8 13. b3 c5 14. Nf3 Bb7 15. Ne5 Ke7 16. f3 f6 17. Nd3 Rhc8 18. c4 a5 19. Rab1 Ba6 20. Nb2 Rc7 21. Na4 Rb4 22. Nc3 Rcb7 23. Rhe1 Rd7 24. Rbd1 Rbb7 25. Rxd7+ Rxd7 26. Rd1 Rxd1 27. Nxd1 a4 28. Nb2 axb3 29. axb3 Kd6 30. Nd3 Bb7 31. b4 cxb4 32. Nxb4 Kc5 33. Nd3+ Kxc4 34. Nf4 e5 35. Nh5 Kd5 36. Nxg7 Bc8 37. g4 Kd6 38. Nh5 f5 39. gxf5 Bxf5 40. f4 Bg6 41. fxe5+ 1/2-1/2

[Event "69th RUS-ch Women Higher League 2019"]
[Site "Yaroslavl"]
[Date "2019.07.05"]
[Round "8.14"]
[White "Chkhan, Viktoria"]
[Black "Dimitrova, Aleksandra"]
[Result "0-1"]
[ECO "E12"]
[WhiteElo "2141"]
[BlackElo "2273"]
[Annotator "NA"]
[PlyCount "110"]
[EventDate "2019.06.27"]
[EventType "swiss"]
[EventCountry "RUS"]
[SourceTitle "playchess.com"]
[Source "ChessBase"]
[SourceQuality "1"]
[TimeControl "40/5400+30:1800+30"]

1. d4 Nf6 2. c4 e6 3. Nf3 b6 4. a3 Ba6 5. Qc2 Bb7 6. Nc3 c5 7. dxc5 Bxc5 8. Bf4 Nh5 9. Bg5 Qc8 10. e3 h6 11. Bh4 a6 12. Be2 g5 13. Bg3 Nxg3 14. hxg3 Be7 15. Na4 Qc6 16. Rh2 d6 17. Nd4 Qc7 18. Bh5 Kf8 19. Nxb6 Ra7 20. Na4 Nd7 21. Bg4 Qa5+ 22. Qc3 Qe5 23. O-O-O Kg7 24. f4 Qf6 25. Ne2 Bc6 26. Qc2 Rc7 27. Nac3 Ba8 28. Bf3 Rxc4 29. Bxa8 Rxa8 30. Rdh1 Rh8 31. Qd3 d5 32. Kb1 Nc5 33. Qd2 Qg6+ 34. Ka2 Nd3 35. Nc1 Nc5 36. Rf1 Bf6 37. N1e2 Qd3 38. Rd1 Qxd2 39. Rxd2 Rb8 40. Rh1 Ne4 41. Rc2 Bxc3 42. bxc3 Rb5 43. Rb1 Ra5 44. Rb3 Rca4 45. Nc1 Nxg3 46. fxg5 hxg5 47. Kb2 Re4 48. Rf2 Rxe3 49. Rb7 Rb5+ 50. Rxb5 axb5 51. Nb3 Ne2 52. Rf3 Nxc3 53. Rxe3 Nd1+ 54. Kc1 Nxe3 55. Nd4 Nxg2 0-1

[Event "69th RUS-ch Women Higher League 2019"]
[Site "Yaroslavl"]
[Date "2019.07.05"]
[Round "8.15"]
[White "Utiatskaja, Irina"]
[Black "Ovod, Evgenija"]
[Result "0-1"]
[ECO "A11"]
[WhiteElo "2192"]
[BlackElo "2361"]
[Annotator "NA"]
[PlyCount "126"]
[EventDate "2019.06.27"]
[EventType "swiss"]
[EventCountry "RUS"]
[SourceTitle "playchess.com"]
[Source "ChessBase"]
[SourceQuality "1"]
[TimeControl "40/5400+30:1800+30"]

1. c4 c6 2. Nf3 d5 3. e3 Nf6 4. b3 e6 5. Bb2 Nbd7 6. Qc2 Bd6 7. d4 Ne4 8. Nbd2 f5 9. g3 O-O 10. Bg2 Qe7 11. O-O b6 12. Ne5 Bb7 13. Ndf3 Ndf6 14. Nd3 c5 15. Nfe5 Rac8 16. f3 cxd4 17. exd4 dxc4 18. bxc4 Ng5 19. Qb3 Rc7 20. Rfe1 Rfc8 21. Rac1 Nd7 22. h4 Nf7 23. f4 Bxg2 24. Kxg2 Nf6 25. Nf2 Nd8 26. Nf3 Qd7 27. Ng5 Be7 28. Qd3 Rxc4 29. Rxc4 Qd5+ 30. Qf3 Qxc4 31. Nxe6 Nxe6 32. d5 Nxd5 33. Rc1 Ndxf4+ 34. gxf4 Qa6 35. Qd5 b5 36. Rxc8+ Qxc8 37. Qxf5 Bxh4 38. Qe4 Bxf2 39. Kxf2 Qc4 40. Qa8+ Nf8 41. Be5 Qxa2+ 42. Kg3 Qb3+ 43. Kg2 Qc2+ 44. Kf3 Qd3+ 45. Kf2 Qd7 46. Qb8 Kf7 47. Bc3 Ng6 48. Be5 Nxe5 49. Qxe5 a5 50. Qe4 h6 51. Qe5 a4 52. Qh5+ Kg8 53. Qc5 g6 54. Qb6 Kh7 55. Qc5 h5 56. Ke1 Qf7 57. Qxb5 Qxf4 58. Qd7+ Kh6 59. Qe8 Qd4 60. Qf8+ Kg5 61. Qe7+ Kf5 62. Kf1 Qf4+ 63. Kg1 Qg5+ 0-1

[Event "69th RUS-ch Women Higher League 2019"]
[Site "Yaroslavl"]
[Date "2019.07.05"]
[Round "8.16"]
[White "Mukhina, Jana"]
[Black "Komiagina, Maria"]
[Result "1-0"]
[ECO "B06"]
[WhiteElo "2090"]
[BlackElo "2254"]
[Annotator "NA"]
[PlyCount "95"]
[EventDate "2019.06.27"]
[EventType "swiss"]
[EventCountry "RUS"]
[SourceTitle "playchess.com"]
[Source "ChessBase"]
[SourceQuality "1"]
[TimeControl "40/5400+30:1800+30"]

1. e4 g6 2. d4 Bg7 3. Nc3 c6 4. h3 d5 5. Nf3 dxe4 6. Nxe4 Nd7 7. c4 Ngf6 8. Nc3 O-O 9. Be3 a6 10. Be2 b5 11. O-O Nb6 12. b3 Bf5 13. Ne5 b4 14. Nxc6 Qd6 15. Bf3 bxc3 16. c5 c2 17. Qe1 Qd7 18. cxb6 Be4 19. Ne5 Qb5 20. Bxe4 Nxe4 21. Nc4 Nd6 22. Qc3 Rac8 23. Qxc2 f5 24. Bg5 Bxd4 25. Rac1 Qd7 26. Qe2 Ne4 27. Be3 Bg7 28. Rfd1 Qb5 29. Bd4 Bh6 30. Be3 Bg7 31. Qd3 Rb8 32. a4 Qb4 33. Qd5+ Kh8 34. Ne5 f4 35. Bd4 Nf6 36. Qe6 Rbe8 37. Bc5 Qe4 38. f3 Qa8 39. a5 Rc8 40. Nf7+ Rxf7 41. Qxf7 Ng8 42. Bxe7 Re8 43. Rd7 Nh6 44. Qxf4 Nf5 45. b7 Qa7+ 46. Bc5 Re1+ 47. Rxe1 Qxc5+ 48. Kh2 1-0

[Event "69th RUS-ch Women Higher League 2019"]
[Site "Yaroslavl"]
[Date "2019.07.05"]
[Round "8.17"]
[White "Chernyak, Viktoria"]
[Black "Tokmakova, Ulyana"]
[Result "1-0"]
[ECO "D30"]
[WhiteElo "2253"]
[BlackElo "1878"]
[Annotator "NA"]
[PlyCount "65"]
[EventDate "2019.06.27"]
[EventType "swiss"]
[EventCountry "RUS"]
[SourceTitle "playchess.com"]
[Source "ChessBase"]
[SourceQuality "1"]
[TimeControl "40/5400+30:1800+30"]

1. d4 d5 2. c4 e6 3. Nf3 c5 4. cxd5 exd5 5. g3 Nf6 6. Bg2 Be7 7. O-O O-O 8. Be3 c4 9. b3 cxb3 10. Qxb3 Nc6 11. Nc3 Na5 12. Qb1 Nc4 13. Bf4 Qa5 14. Qd3 Bb4 15. Nd1 b6 16. Ne5 Ba6 17. Nc6 Qa4 18. Nxb4 Qxb4 19. Qb3 Qa5 20. Nc3 Rac8 21. Rfc1 Rfe8 22. a4 h6 23. h4 Ne4 24. Nb5 Bxb5 25. axb5 Ncd2 26. Qxd5 Rxc1+ 27. Rxc1 Nc3 28. Qd7 Nxe2+ 29. Kh2 Rf8 30. Rc8 g5 31. Rxf8+ Kxf8 32. Be5 f6 33. Qd8+ 1-0

[Event "69th RUS-ch Women Higher League 2019"]
[Site "Yaroslavl"]
[Date "2019.07.05"]
[Round "8.18"]
[White "Diakonova, Ekaterina"]
[Black "Markelova, Lubov"]
[Result "1-0"]
[ECO "C11"]
[WhiteElo "2196"]
[BlackElo "2186"]
[Annotator "NA"]
[PlyCount "105"]
[EventDate "2019.06.27"]
[EventType "swiss"]
[EventCountry "RUS"]
[SourceTitle "playchess.com"]
[Source "ChessBase"]
[SourceQuality "1"]
[TimeControl "40/5400+30:1800+30"]

1. e4 e6 2. d4 d5 3. Nc3 Nf6 4. Bg5 dxe4 5. Nxe4 Nbd7 6. Nf3 h6 7. Nxf6+ Nxf6 8. Be3 Nd5 9. Bd2 c5 10. Bb5+ Bd7 11. Bxd7+ Qxd7 12. c4 Nb6 13. Rc1 Rc8 14. dxc5 Rxc5 15. Qe2 Qc7 16. b3 Be7 17. O-O O-O 18. Be3 Rh5 19. h3 Nd7 20. Nd4 Nf6 21. Rfd1 a6 22. Rc2 e5 23. Nf3 e4 24. Nd4 Qe5 25. f4 exf3 26. Qxf3 Bc5 27. g4 Rg5 28. Kh1 Rg6 29. Bf4 Qe4 30. Re2 Qxf3+ 31. Nxf3 Nxg4 32. hxg4 Rf6 33. Re4 g5 34. Be3 Bxe3 35. Rxe3 Rf4 36. Rd4 f5 37. gxf5 R4xf5 38. Kg2 h5 39. Rd5 b5 40. Rxf5 Rxf5 41. Re5 Rxe5 42. Nxe5 bxc4 43. bxc4 Kf8 44. Kf3 Ke7 45. Ke4 Kd6 46. Kd4 g4 47. c5+ Kc7 48. Kd5 g3 49. Nf3 g2 50. Ng1 h4 51. c6 Kc8 52. Kc5 Kc7 53. a4 {[%emt 0:00:20] Kd6+} 1-0

[Event "69th RUS-ch Women Higher League 2019"]
[Site "Yaroslavl"]
[Date "2019.07.05"]
[Round "8.19"]
[White "Belenkaya, Dina"]
[Black "Matveeva, Olga"]
[Result "1-0"]
[ECO "C47"]
[WhiteElo "2321"]
[BlackElo "2189"]
[Annotator "NA"]
[PlyCount "129"]
[EventDate "2019.06.27"]
[EventType "swiss"]
[EventCountry "RUS"]
[SourceTitle "playchess.com"]
[Source "ChessBase"]
[SourceQuality "1"]
[TimeControl "40/5400+30:1800+30"]

1. e4 e5 2. Nf3 Nf6 3. Nc3 Nc6 4. d4 exd4 5. Nxd4 Bb4 6. Nxc6 bxc6 7. Bd3 O-O 8. O-O d5 9. exd5 cxd5 10. h3 c6 11. Qf3 Re8 12. Ne2 Bd6 13. Ng3 Rb8 14. Nf5 Bxf5 15. Qxf5 g6 16. Qf3 Nd7 17. Qd1 Qf6 18. c3 Nc5 19. Bc2 Ne4 20. Qd4 Bc5 21. Qxf6 Nxf6 22. b4 Bb6 23. Bf4 Rbc8 24. Rfe1 a5 25. Kf1 Re6 26. g4 Kg7 27. a4 Nd7 28. h4 Rce8 29. Rxe6 fxe6 30. Ke2 e5 31. Bd2 e4 32. Rb1 Ne5 33. bxa5 Bxa5 34. Rb7+ Kg8 35. Ra7 Bb6 36. Ra6 Bc5 37. Be3 Bxe3 38. fxe3 Rb8 39. g5 Rb2 40. Kd1 Nc4 41. Kc1 Rb8 42. Rxc6 Kf7 43. Bxe4 Nxe3 44. Bf3 Ke7 45. a5 Rb5 46. a6 Ra5 47. Be2 Ng2 48. Kb2 Nxh4 49. Kb3 Kd7 50. Rf6 Kc7 51. Kb4 Ra2 52. Bb5 Nf5 53. Rf7+ Kb8 54. Kc5 Ra5 55. Rb7+ Ka8 56. Kxd5 h5 57. c4 h4 58. Rh7 Ra1 59. Kc5 Kb8 60. Kb6 Nd6 61. Rxh4 Nc8+ 62. Kc5 Rg1 63. Kc6 Rxg5 64. Rh8 Rh5 65. Rxc8+ 1-0

[Event "69th RUS-ch Women Higher League 2019"]
[Site "Yaroslavl"]
[Date "2019.07.05"]
[Round "8.20"]
[White "Afonasieva, Anna"]
[Black "Shaydullina, Sandugach"]
[Result "1-0"]
[ECO "D02"]
[WhiteElo "2303"]
[BlackElo "2128"]
[Annotator "NA"]
[PlyCount "139"]
[EventDate "2019.06.27"]
[EventType "swiss"]
[EventCountry "RUS"]
[SourceTitle "playchess.com"]
[Source "ChessBase"]
[SourceQuality "1"]
[TimeControl "40/5400+30:1800+30"]

1. d4 d5 2. Nf3 a6 3. Bf4 e6 4. e3 Bd6 5. Bd3 Ne7 6. c3 c5 7. Bg3 Nbc6 8. Nbd2 c4 9. Bc2 f5 10. Nh4 O-O 11. Bxd6 Qxd6 12. f4 b5 13. g4 e5 14. dxe5 Qh6 15. Nxf5 Bxf5 16. Bxf5 Qh4+ 17. Ke2 Nxf5 18. gxf5 Qg4+ 19. Kf2 Nxe5 20. Qxg4 Nxg4+ 21. Kf3 Nh6 22. Rad1 Nxf5 23. Nf1 Ne7 24. Ng3 a5 25. Rhg1 b4 26. Ne2 Ra6 27. Rd2 Rh6 28. Nd4 Ng6 29. Kg2 Re8 30. Nf5 Rh5 31. Ng3 Rh6 32. Kf3 Nh4+ 33. Kf2 Ng6 34. Rh1 Ne7 35. h4 Rb6 36. Rg1 Rf8 37. Nh5 g6 38. Ng3 a4 39. Ne2 Rfb8 40. Rgd1 a3 41. cxb4 Ra6 42. Nc3 Rxb4 43. bxa3 Rxa3 44. Nxd5 Nxd5 45. Rxd5 Rb2+ 46. Kf3 Raxa2 47. Rd8+ Kf7 48. R1d7+ Ke6 49. Rd6+ Kf7 50. R8d7+ Ke8 51. Rxh7 c3 52. Rc6 Rf2+ 53. Ke4 Kd8 54. Rxc3 Ra4+ 55. Kd3 Ra6 56. Kd4 Ra4+ 57. Rc4 Ra6 58. h5 Rd2+ 59. Ke4 Re6+ 60. Kf3 gxh5 61. Ra4 Re7 62. Ra8+ Kd7 63. Ra7+ Kd6 64. Raxe7 Rh2 65. Ra7 h4 66. Ra5 Rh3+ 67. Ke4 Rh1 68. Rh6+ Kc7 69. Ra7+ Kb8 70. Rg7 1-0

[Event "69th RUS-ch Women Higher League 2019"]
[Site "Yaroslavl"]
[Date "2019.07.05"]
[Round "8.21"]
[White "Yakushina, Ekaterina"]
[Black "Filippova, Darya"]
[Result "0-1"]
[ECO "E07"]
[WhiteElo "1783"]
[BlackElo "2174"]
[Annotator "NA"]
[PlyCount "102"]
[EventDate "2019.06.27"]
[EventType "swiss"]
[EventCountry "RUS"]
[SourceTitle "playchess.com"]
[Source "ChessBase"]
[SourceQuality "1"]
[TimeControl "40/5400+30:1800+30"]

1. d4 d5 2. c4 c6 3. Nf3 Nf6 4. Nc3 e6 5. g3 Nbd7 6. Bg2 Be7 7. O-O O-O 8. Qd3 b6 9. e4 dxe4 10. Nxe4 Bb7 11. Rd1 c5 12. Nfg5 Qc8 13. d5 exd5 14. cxd5 h6 15. d6 Bd8 16. Nxf6+ Nxf6 17. Nf3 Be4 18. Qc4 Qb7 19. Ne1 b5 20. Qxc5 Bb6 21. Bxe4 Nxe4 22. Qd5 Qxd5 23. Rxd5 Nxf2 24. Rxb5 Ne4+ 25. Kg2 Nxd6 26. Rd5 Rfe8 27. Bxh6 Re2+ 28. Kh3 Ne4 29. Bf4 Nf2+ 30. Kh4 Bd8+ 31. Rxd8+ Rxd8 32. Nf3 f6 33. Bc7 Re4+ 34. Bf4 g5+ 35. Nxg5 fxg5+ 36. Kxg5 Rd5+ 37. Kh4 Rd1 38. Rxd1 Nxd1 39. b3 Re2 40. a3 Rxh2+ 41. Kg4 Rb2 42. b4 Ra2 43. Bc1 Ra1 44. Bf4 Rxa3 45. Bd6 Nf2+ 46. Kh4 Nd3 47. b5 Ra5 48. Bb8 Nb4 49. g4 Nd5 50. g5 Nb6 51. g6 Nc8 0-1

[Event "69th RUS-ch Women Higher League 2019"]
[Site "Yaroslavl"]
[Date "2019.07.05"]
[Round "8.22"]
[White "Mokshanova, Elizaveta"]
[Black "Maltsevskaya, Aleksandra"]
[Result "0-1"]
[ECO "B13"]
[WhiteElo "2020"]
[BlackElo "2316"]
[Annotator "NA"]
[PlyCount "48"]
[EventDate "2019.06.27"]
[EventType "swiss"]
[EventCountry "RUS"]
[SourceTitle "playchess.com"]
[Source "ChessBase"]
[SourceQuality "1"]
[TimeControl "40/5400+30:1800+30"]

1. e4 c6 2. d4 d5 3. exd5 cxd5 4. c4 Nf6 5. Nc3 Nc6 6. Bg5 Be6 7. Be2 Qa5 8. c5 g6 9. Nf3 Bg7 10. O-O O-O 11. h3 Ne4 12. Bd2 Qc7 13. Be3 Rad8 14. Rc1 f5 15. g3 f4 16. Bxf4 Rxf4 17. gxf4 Qxf4 18. Kg2 Rf8 19. Qd3 Nxd4 20. Nxd4 Be5 21. Nf3 Bxh3+ 22. Kh1 Qg4 23. Ne1 Qh4 24. Nf3 Rxf3 0-1

[Event "69th RUS-ch Women Higher League 2019"]
[Site "Yaroslavl"]
[Date "2019.07.05"]
[Round "8.23"]
[White "Schepetkova, Margarita"]
[Black "Loskutova, Viktoriya"]
[Result "0-1"]
[ECO "A62"]
[WhiteElo "2241"]
[BlackElo "2019"]
[Annotator "NA"]
[PlyCount "68"]
[EventDate "2019.06.27"]
[EventType "swiss"]
[EventCountry "RUS"]
[SourceTitle "playchess.com"]
[Source "ChessBase"]
[SourceQuality "1"]
[TimeControl "40/5400+30:1800+30"]

1. d4 Nf6 2. c4 e6 3. g3 c5 4. d5 exd5 5. cxd5 d6 6. Bg2 g6 7. Nc3 Bg7 8. Nf3 O-O 9. O-O Re8 10. Bf4 Bf5 11. Nh4 Bg4 12. Qd2 b5 13. Rfe1 Qb6 14. e4 Bd7 15. e5 dxe5 16. Bxe5 Na6 17. d6 Bc6 18. Bxf6 Bxf6 19. d7 Rxe1+ 20. Rxe1 Rd8 21. Bxc6 Qxc6 22. Nd5 Nc7 23. Nxc7 Rxd7 24. Re8+ Kg7 25. Qe2 Rxc7 26. Nf3 Rd7 27. h4 c4 28. h5 Qd5 29. h6+ Kxh6 30. Qe3+ Kg7 31. Qa3 Qd6 32. Qa5 Qc6 33. Qb4 Rd1+ 34. Re1 Qxf3 0-1

[Event "69th RUS-ch Women Higher League 2019"]
[Site "Yaroslavl"]
[Date "2019.07.05"]
[Round "8.24"]
[White "Dzutseva, Lana"]
[Black "Faizutdinova, Diana"]
[Result "0-1"]
[ECO "E61"]
[WhiteElo "1325"]
[BlackElo "2061"]
[Annotator "NA"]
[PlyCount "74"]
[EventDate "2019.06.27"]
[EventType "swiss"]
[EventCountry "RUS"]
[SourceTitle "playchess.com"]
[Source "ChessBase"]
[SourceQuality "1"]
[TimeControl "40/5400+30:1800+30"]

1. d4 Nf6 2. c4 d6 3. Nf3 g6 4. Nc3 Bf5 5. Nd2 e5 6. dxe5 dxe5 7. e4 Bd7 8. Nf3 Nc6 9. Bg5 Bg7 10. Nd5 h6 11. Nxf6+ Bxf6 12. Bxf6 Qxf6 13. Be2 Rd8 14. O-O O-O 15. Qd2 Kg7 16. Ne1 Nd4 17. Nd3 Be6 18. Rac1 Qg5 19. f4 exf4 20. Kh1 f3 21. Qxg5 hxg5 22. Bxf3 g4 23. Bd1 Rh8 24. Nc5 Bc8 25. Rc3 Rh6 26. g3 Nc6 27. Nd3 Re8 28. Re1 Nd4 29. Rf1 b6 30. Nf2 Reh8 31. Nxg4 Bxg4 32. Bxg4 Rxh2+ 33. Kg1 Rh1+ 34. Kf2 R8h2+ 35. Ke1 Nc2+ 36. Rxc2 Rxf1+ 37. Kxf1 Rxc2 0-1

[Event "69th RUS-ch Women Higher League 2019"]
[Site "Yaroslavl"]
[Date "2019.07.06"]
[Round "9.2"]
[White "Shafigullina, Zarina"]
[Black "Potapova, Margarita"]
[Result "0-1"]
[ECO "A40"]
[WhiteElo "2240"]
[BlackElo "2256"]
[Annotator "NA"]
[PlyCount "100"]
[EventDate "2019.06.27"]
[EventType "swiss"]
[EventCountry "RUS"]
[SourceTitle "playchess.com"]
[Source "ChessBase"]
[SourceQuality "1"]
[TimeControl "40/5400+30:1800+30"]

1. d4 Nf6 2. c4 e6 3. g3 c5 4. Nf3 cxd4 5. Nxd4 d5 6. Bg2 e5 7. Nf3 d4 8. O-O Nc6 9. e3 Be7 10. exd4 exd4 11. Bf4 O-O 12. Ne5 Qb6 13. Qb3 Na5 14. Qxb6 axb6 15. Nd2 Nh5 16. Nb3 Bf6 17. Nxa5 Nxf4 18. gxf4 Rxa5 19. Bd5 g5 20. Rfe1 gxf4 21. b4 Ra8 22. Kh1 Bf5 23. Rg1+ Kh8 24. Rae1 d3 25. Nxf7+ Rxf7 26. Bxf7 d2 27. Re2 Bc3 28. f3 Rd8 29. Bd5 b5 30. Reg2 Bg6 31. Rd1 bxc4 32. Bxc4 Bc2 33. Bb3 Bxd1 34. Bxd1 Bxb4 35. Kg1 Ra8 36. Kf1 Rxa2 37. Rg5 Ra5 38. Rg4 Re5 39. Bb3 d1=Q+ 40. Bxd1 Re1+ 41. Kg2 Rxd1 42. Rxf4 Bd6 43. Rf7 b5 44. Rb7 b4 45. f4 Rb1 46. f5 Be5 47. h4 h5 48. Kf3 b3 49. Rb5 b2 50. Ke2 Rh1 0-1

[Event "69th RUS-ch Women Higher League 2019"]
[Site "Yaroslavl"]
[Date "2019.07.06"]
[Round "9.3"]
[White "Charochkina, Daria"]
[Black "Garifullina, Leya"]
[Result "1-0"]
[ECO "A01"]
[WhiteElo "2338"]
[BlackElo "2246"]
[Annotator "NA"]
[PlyCount "133"]
[EventDate "2019.06.27"]
[EventType "swiss"]
[EventCountry "RUS"]
[SourceTitle "playchess.com"]
[Source "ChessBase"]
[SourceQuality "1"]
[TimeControl "40/5400+30:1800+30"]

1. b3 Nf6 2. Bb2 e6 3. e3 b6 4. Nf3 Bb7 5. d4 Be7 6. Bd3 O-O 7. O-O d5 8. c4 dxc4 9. Bxc4 Nbd7 10. Qe2 c5 11. Rd1 Qc7 12. Nc3 a6 13. Rac1 b5 14. Bd3 Qb6 15. Bb1 cxd4 16. Rxd4 Rfd8 17. Rcd1 Nf8 18. h3 Rxd4 19. Rxd4 Ng6 20. Ne4 Nd5 21. Rd1 Rc8 22. Bd4 Qc6 23. Bb2 Qc7 24. Qd3 Rd8 25. Rc1 Qb8 26. Qe2 Qa8 27. Nc5 Bc6 28. Ne5 Be8 29. Nxg6 hxg6 30. Nd3 Rc8 31. Qd2 Rxc1+ 32. Qxc1 Bf6 33. Bxf6 Nxf6 34. Qc5 Qd5 35. b4 Qd8 36. f3 a5 37. bxa5 Qxa5 38. Qb4 Qa7 39. Qd4 Qxd4 40. exd4 Nd5 41. Bc2 Nc3 42. Nc1 b4 43. Kf2 Bb5 44. h4 Kf8 45. g3 Ke7 46. Ke3 Kd6 47. Bb3 Nd5+ 48. Kd2 Ne7 49. g4 Bc6 50. Nd3 f6 51. Ke3 Ba8 52. Nxb4 e5 53. dxe5+ Kxe5 54. Nd3+ Kd6 55. Bf7 f5 56. g5 f4+ 57. Kxf4 Bb7 58. a3 Nf5 59. h5 gxh5 60. Kxf5 Bxf3 61. Kf4 Be2 62. Ke3 Bg4 63. Nf2 Bc8 64. Bxh5 Ke5 65. Bg4 Ba6 66. Nd3+ Kd6 67. Ke4 {Kd5+} 1-0

[Event "69th RUS-ch Women Higher League 2019"]
[Site "Yaroslavl"]
[Date "2019.07.06"]
[Round "9.4"]
[White "Bodnaruk, Anastasia"]
[Black "Shuvalova, Polina"]
[Result "1/2-1/2"]
[ECO "C88"]
[WhiteElo "2440"]
[BlackElo "2418"]
[Annotator "NA"]
[PlyCount "194"]
[EventDate "2019.06.27"]
[EventType "swiss"]
[EventCountry "RUS"]
[SourceTitle "playchess.com"]
[Source "ChessBase"]
[SourceQuality "1"]
[TimeControl "40/5400+30:1800+30"]

1. e4 e5 2. Nf3 Nc6 3. Bb5 a6 4. Ba4 Nf6 5. O-O Be7 6. Re1 b5 7. Bb3 O-O 8. a4 b4 9. d4 d6 10. dxe5 dxe5 11. Qe2 Bg4 12. c3 Qc8 13. a5 h6 14. Nbd2 Be6 15. Ba4 Nxa5 16. Nxe5 c5 17. Ndc4 Nxc4 18. Nxc4 Qc7 19. g3 a5 20. Bf4 Qb7 21. Bc2 b3 22. Bd3 a4 23. e5 Nd7 24. Qh5 Rfd8 25. Rad1 a3 26. Nxa3 Ra4 27. c4 Nf8 28. Qe2 Rd4 29. Be4 Qa6 30. Bc1 Nd7 31. f4 g6 32. Bd3 h5 33. f5 Bxf5 34. Bxf5 gxf5 35. Qxh5 Qe6 36. Bf4 Nb6 37. Qf3 Nxc4 38. Qxb3 Rb4 39. Qf3 Nxb2 40. Rxd4 cxd4 41. Nb1 Nc4 42. Nd2 Nxd2 43. Bxd2 Rb2 44. Bc1 Rc2 45. Bf4 Bc5 46. Rd1 d3+ 47. Kh1 Qa2 48. g4 Rf2 49. Qxd3 Qa8+ 50. Qd5 Rf1+ 51. Kg2 Rg1+ 52. Kh3 fxg4+ 53. Kh4 Be7+ 54. Bg5 Qa3 55. Rd3 Bxg5+ 56. Kxg5 Qc1+ 57. Kh5 Qf4 58. Qd8+ Kh7 59. Qf6 Qxf6 60. exf6 Ra1 61. Rd5 Ra4 62. Rg5 Kh8 63. Rg7 g3 64. Rxg3 Rf4 65. Kg5 Rf1 66. Rg4 Rf2 67. h4 Kh7 68. Rf4 Ra2 69. Rf5 Ra1 70. h5 Rg1+ 71. Kf4 Kh6 72. Ke4 Rh1 73. Rd5 Rh4+ 74. Kf3 Rxh5 75. Rxh5+ Kxh5 76. Kf4 Kg6 77. Ke5 Kg5 78. Ke4 Kg4 79. Ke5 Kg5 80. Ke4 Kxf6 81. Kf4 Ke6 82. Ke4 f6 83. Kf4 f5 84. Kf3 Kf6 85. Kf4 Kg6 86. Kf3 Kg5 87. Kg3 f4+ 88. Kf3 Kf5 89. Kf2 Ke4 90. Ke2 f3+ 91. Kf2 Kf4 92. Kf1 Ke3 93. Ke1 Kd3 94. Kf2 Ke4 95. Kf1 Ke3 96. Ke1 f2+ 97. Kf1 Kf3 1/2-1/2

[Event "69th RUS-ch Women Higher League 2019"]
[Site "Yaroslavl"]
[Date "2019.07.06"]
[Round "9.5"]
[White "Kovalevskaya, Ekaterina"]
[Black "Gritsayeva, Oksana"]
[Result "1/2-1/2"]
[ECO "A05"]
[WhiteElo "2413"]
[BlackElo "2381"]
[Annotator "NA"]
[PlyCount "83"]
[EventDate "2019.06.27"]
[EventType "swiss"]
[EventCountry "RUS"]
[SourceTitle "playchess.com"]
[Source "ChessBase"]
[SourceQuality "1"]
[TimeControl "40/5400+30:1800+30"]

1. Nf3 Nf6 2. g3 b6 3. Bg2 Bb7 4. O-O e6 5. c4 g6 6. Nc3 Bg7 7. d4 Ne4 8. Nxe4 Bxe4 9. Be3 O-O 10. Qd2 d6 11. Bh6 Nd7 12. Bxg7 Kxg7 13. Ne1 Bxg2 14. Nxg2 Qe7 15. e4 e5 16. Rad1 exd4 17. Qxd4+ Qe5 18. Qxe5+ Nxe5 19. Ne3 Rae8 20. b3 Nf3+ 21. Kg2 Ng5 22. Nd5 c6 23. Nc3 Nxe4 24. Nxe4 Rxe4 25. Rxd6 Re2 26. Rfd1 Rxa2 27. Rxc6 Re8 28. Rd3 Re7 29. Rcd6 Rb2 30. Rf3 h5 31. h3 f5 32. g4 hxg4 33. hxg4 Rf7 34. gxf5 Rxf5 35. Rd7+ Kf6 36. Rxa7 Rxf3 37. Kxf3 Rxb3+ 38. Ke4 Rb2 39. f4 Re2+ 40. Kd5 Rd2+ 41. Ke4 Re2+ 42. Kd5 {[%emt 0:04:11] Ke5+ Ke4+} 1/2-1/2